 Dungeon Crawl Stone Soup version 0.31-a0-222-gefeffbb62a (webtiles) character file.

Game seed: 17814474296303148824

109 qw the Shooter (level 4, -5/37 HPs)
             Began as a Minotaur Hexslinger on July 4, 2023.
             Killed from afar by Robin (10 damage)
             ... with a puff of flame
             ... on level 2 of the Dungeon.
             The game lasted 00:00:41 (1956 turns).

qw the Shooter (Minotaur Hexslinger)                Turns: 1956, Time: 00:00:41

Health: -5/37      AC:  3    Str: 13    XL:     4   Next: 59%
Magic:  4/4        EV: 12    Int: 10    God:
Gold:   51         SH:  0    Dex: 14    Spells: 4/5 levels left

rFire   . . .        Y - +1 sling
rCold   . . .        (no shield)
rNeg    . . .        e - +0 leather armour
rPois   .            (helmet restricted)
rElec   .            (no cloak)
rCorr   .            (no gloves)
SInv    .            (no boots)
Will    .....        (no amulet)
Stlth   +            (no ring)
HPRegen 0.26/turn    (no ring)
MPRegen 0.09/turn

%: no passive effects
@: no status effects
A: horns 2, retaliatory headbutt, fangs 1, MP-powered wands
a: no special abilities


You were on level 2 of the Dungeon.
You visited 1 branch of the dungeon, and saw 2 of its levels.

You collected 51 gold pieces.


Innate Abilities, Weirdness & Mutations

You have a pair of horns on your head.
You reflexively headbutt those who attack you in melee.
You have very sharp teeth.
You expend magic power (3 MP) to strengthen your wands.


   Skills:
 + Level 2.4 Fighting
 - Level 5.0 Ranged Weapons
 - Level 2.1 Dodging
 - Level 1.0 Spellcasting
 - Level 2.0 Hexes


You had 4 spell levels left.
You knew the following spells:

 Your Spells              Type           Power      Damage    Failure   Level
a - Slow                  Hex            16%        N/A       19%         1

Your spell library contained the following spells:

 Spells                   Type           Power      Damage    Failure   Level
 Inner Flame              Hex/Fire       2%         N/A       65%         3
 Portal Projectile        Hex/Tloc       4%         N/A       65%         3
 Cause Fear               Hex            2%         N/A       88%         4

Inventory:

Hand Weapons
 Y - a +1 sling (weapon)
Armour
 e - a +0 leather armour (worn)
Scrolls
 a - a scroll of fog {unknown}
 i - 5 scrolls of identify
Potions
 b - a potion of curing {unknown}
 d - a potion of might
 f - a potion of mutation

Dungeon Overview and Level Annotations

Branches:
Dungeon (2/15)

Altars:

Annotations:
D:2 Robin


Message History

The goblin hits you with a +0 club. x2
You shoot a sling bullet. The sling bullet hits the goblin.
You kill the goblin!
You shoot a sling bullet. The sling bullet hits the goblin!
You kill the goblin!
A goblin comes into view. It is wielding a +0 club.
You shoot a sling bullet. The sling bullet hits Robin.
Robin is lightly wounded.
Robin throws the goblin at you! The goblin hits you with a +0 club.
You shoot a sling bullet.
The sling bullet hits the goblin but does no damage.
Robin says, "My goblins will feast on your bones."
Robin roars a battlecry!
The goblin goes into a battle-frenzy!
The goblin hits you with a +0 club.
You shoot a sling bullet.
The sling bullet closely misses the goblin.
Robin barely misses you. The goblin hits you but does no damage.
You shoot a sling bullet.
The sling bullet barely misses the goblin.
Robin closely misses you. The goblin closely misses you.
You furiously retaliate!
You headbutt the goblin, but do no damage.
You shoot a sling bullet.
The sling bullet closely misses the goblin.
Robin zaps a wand.
The puff of flame misses you. The goblin barely misses you.
Robin closely misses you. The goblin barely misses you.
You shoot a sling bullet.
The sling bullet closely misses the goblin.
Robin misses you. The goblin misses you.
You shoot a sling bullet.
The sling bullet closely misses the goblin.
Robin zaps a wand.
The puff of flame hits you! The goblin hits you with a +0 club.
You shoot a sling bullet. The sling bullet hits the goblin.
You kill the goblin!
Robin zaps a wand.
The puff of flame hits you!
You shoot a sling bullet. The sling bullet closely misses Robin.
Robin barely misses you.
Robin zaps a wand.
The puff of flame hits you!
You die...

## #.##.# #.# #.#
#### #.##.# #.####
..###... #.##.#
#.#... .......7
#.##.# ##.#..# . ..7
##### #.###.....
#.#. #.7 .....
...... #.#.# #.7#
##### ....#
#.#.##..7 #.#)#
#[#..... #########
#.#@# #..#..7
.%...<..######..#)#
#.#...7#
...............###g.
##..7
#########.#####.#
##.# ##.7#
#......... .. #..7
########.... .. #...
##### # ####


You could see Robin.

Vanquished Creatures
  4 adders (D:2)
  A worm (D:2)
  An orc (D:2)
  3 bats
  3 endoplasms
  3 giant cockroaches
  12 goblins
  6 hobgoblins
  7 jackals (D:1)
  7 kobolds
  3 quokkas
  4 ball pythons
  4 frilled lizards
  2 rats
60 creatures vanquished.

Notes
Turn   | Place    | Note
-------+----------+-------------------------------------------
     0 | D:1      | qw the Minotaur Hexslinger began the quest for the Orb.
     0 | D:1      | Reached XP level 1. HP: 16/16 MP: 1/1
     0 | D:1      | 0 ||| qw: Version: 0.3-a-46-gb1f654a
     0 | D:1      | 0 ||| qw: Game counter: 866
     0 | D:1      | 0 ||| qw: Melee chars always use a shield: true
     0 | D:1      | 0 ||| qw: God list: Okawaru
     0 | D:1      | 0 ||| qw: Allow faded altars: false
     0 | D:1      | 0 ||| qw: Do Orc after clearing Dungeon:15 true
     0 | D:1      | 0 ||| qw: Do second Lair branch before Depths: true
     0 | D:1      | 0 ||| qw: Lair rune preference: random
     0 | D:1      | 0 ||| qw: Goals: Normal
     0 | D:1      | 0 ||| PLANNING D:1-11
   118 | D:1      | Reached skill level 3 in Ranged Weapons
   118 | D:1      | Reached XP level 2. HP: 23/23 MP: 2/2
   463 | D:1      | Reached XP level 3. HP: 23/29 MP: 3/3
  1040 | D:1      | 1040 ||| UPGRADING to +0 leather armour.
  1050 | D:1      | 1050 ||| DROPPING +0 robe.
  1051 | D:1      | 1051 ||| READING scroll labelled LIFESHR MALYSOMA.
  1052 | D:1      | 1052 ||| READING 8 scrolls labelled GICLEO MEMI.
  1053 | D:1      | 1053 ||| DRINKING 2 glowing coppery potions.
  1053 | D:1      | Gained mutation: You have very sharp teeth. [potion of
                  | mutation]
  1053 | D:1      | Gained mutation: You expend magic power (3 MP) to
                  | strengthen your wands. [potion of mutation]
  1054 | D:1      | 1054 ||| READING 7 scrolls of identify.
  1054 | D:1      | 1054 ||| IDENTIFYING ruby potion
  1055 | D:1      | 1055 ||| READING 6 scrolls of identify.
  1055 | D:1      | 1055 ||| IDENTIFYING fizzy ruby potion
  1056 | D:1      | 1056 ||| DROPPING scroll of poison.
  1057 | D:1      | 1057 ||| DROPPING potion of invisibility.
  1421 | D:2      | Reached skill level 4 in Ranged Weapons
  1442 | D:2      | 1442 ||| Stepping ~*~*~tactically~*~*~ (outnumbered).
  1654 | D:2      | Reached XP level 4. HP: 16/36 MP: 4/4
  1804 | D:2      | Reached skill level 5 in Ranged Weapons
  1934 | D:2      | Noticed Robin
  1955 | D:2      | HP: 5/37 [Robin/puff of flame (7)]
  1956 | D:2      | Killed from afar by Robin

Levels and vault maps discovered:
D:1:      lightli_arrival_statue_moat, layout_basic, nicolae_eternal_life,
          minmay_tree_intersection, minmay_bisected
D:2:      minmay_general_purpose_star, layout_loops_ring,
          minmay_stone_trees_medium, minmay_ruptured, uniq_robin

Skill      XL: |  1  2  3  4 |
---------------+-------------+-----
Ranged Weapons | 3 4 5 |  5.0
Fighting       | 2 |  2.4
Dodging        | |  2.1
Spellcasting   | |  1.0
Hexes          | |  2.0

Action                     |  1- 3 |  4- 6 || total
---------------------------+-------+-------++-------
   Fire: Sling             |   137 |    33 ||   170
    Use: Scroll            |     4 |       ||     4
         Potion            |     1 |       ||     1
 Armour: Robe              |     2 |       ||     2
         Leather armour    |     8 |     4 ||    12
  Dodge: Dodged            |    46 |    18 ||    64

Table legend:
 A = Non-vault XP
 B = Vault XP
 C = Vault XP percentage of total XP
 D = Non-vault monster count
 E = Vault monster count
 F = Vault count percentage of total count
                 A         B        C        D         E       F
            +---------+---------+-------+---------+---------+-------
      Total |      95 |      61 |  39.1 |      41 |      19 |  31.7
            +---------+---------+-------+---------+---------+-------
        D:1 |      43 |       3 |   6.5 |      24 |       2 |   7.7
        D:2 |      52 |      58 |  52.7 |      17 |      17 |  50.0
            +---------+---------+-------+---------+---------+-------
